 Dungeon Crawl Stone Soup version 0.12.2-9-gf1dcfd2 (webtiles) character file.

2830 Mnog the Frost Mage (level 9, -3/45 HPs)
             Began as a Deep Elf Ice Elementalist on June 28, 2013.
             Was a Follower of Kikubaaqudgha.
             Slain by a hill giant
             ... wielding a +0,+0 giant club
              (10 damage)
             ... on Level 8 of the Dungeon.
             The game lasted 00:49:19 (9814 turns).

Mnog the Frost Mage (Deep Elf Ice Elementalist)     Turns: 9814, Time: 00:49:19

HP  -3/45        AC  5     Str  8      XL: 9   Next: 27%
MP   2/25        EV 13     Int 21      God: Kikubaaqudgha [*.....]
Gold 355         SH  0     Dex 15      Spells:  6 memorised,  4 levels left

Res.Fire  : . . .   See Invis. : .   (no weapon)
Res.Cold  : . . .   Warding    : .   a - +0 elf robe
Life Prot.: + . .   Conserve   : .   (no shield)
Res.Poison: .       Res.Corr.  : .   (no helmet)
Res.Elec. : .       Clarity    : .   q - +0 cloak (curse)
Sust.Abil.: . .     Spirit.Shd : .   o - +0 pair of gloves
Res.Mut.  : .       Stasis     : .   j - +0 pair of boots
Res.Rott. : .       Ctrl.Telep.: .   w - amulet of faith
Saprovore : . . .   Flight     : .   A - cursed ring of protection from magic
                                     v - ring of life protection

@: quite resistant to hostile enchantments, fairly stealthy
A: no striking features
a: Receive Corpses, Renounce Religion


You were on level 8 of the Dungeon.
You worshipped Kikubaaqudgha.
Kikubaaqudgha was pleased with you.
You were not hungry.

You visited 2 branches of the dungeon, and saw 9 of its levels.

You collected 335 gold pieces.

Inventory:

Armour
 a - a +0 elven robe (worn)
 j - a +0 pair of boots (worn)
 o - a +0 pair of gloves (worn)
 q - a cursed +0 cloak (worn)
Magical devices
 l - a wand of invisibility (5) {unknown}
 m - a wand of polymorph (15) {unknown}
 s - a wand of polymorph (16) {unknown}
Comestibles
 c - 5 bread rations
Scrolls
 e - 6 scrolls of identify
 g - 2 scrolls of enchant weapon II
 k - a scroll of remove curse
 r - a scroll of amnesia
 u - a scroll of teleportation
Jewellery
 d - an uncursed ring of teleport control
 v - a ring of life protection (left hand)
 w - an amulet of faith (around neck)
 A - a cursed ring of protection from magic (right hand)
Potions
 f - a potion of heal wounds
 i - 3 potions of curing
 p - a potion of speed
 t - 4 potions of brilliance
 x - 2 potions of restore abilities
Books
 b - a book of Frost

   Spells                             Type                      Level
   *Freeze                            Ice                          1
   Throw Frost                        Conjuration/Ice              2
   *Ozocubu's Armour                  Charms/Ice                   3
   *Throw Icicle                      Conjuration/Ice              4
   Summon Ice Beast                   Ice/Summoning                4
   *Condensation Shield               Ice                          4
 h - Kikubaaqudgha's Guide on Darkness
   (Kikubaaqudgha gifted it to you on level 8 of the Dungeon)

   Spells                             Type                      Level
   *Animate Skeleton                  Necromancy                   1
   Lethal Infusion                    Charms/Necromancy            2
   Corpse Rot                         Necromancy                   2
   *Regeneration                      Charms/Necromancy            3
   Control Undead                     Necromancy                   4


   Skills:
 - Level 2.7 Dodging
 - Level 2.6 Stealth
 - Level 0.2 Traps
 - Level 6.1 Spellcasting
 * Level 4.7 Conjurations
 * Level 2.6 Necromancy
 - Level 10.8 Ice Magic


You had 4 spell levels left.
You knew the following spells:

 Your Spells              Type           Power        Failure   Level  Hunger
a - Freeze                Ice            #####        1%          1    None
b - Throw Icicle          Conj/Ice       ######...    4%          4    ####...
c - Condensation Shield   Ice            #######...   1%          4    ####...
d - Ozocubu's Armour      Chrm/Ice       #####.....   3%          3    ##.....
e - Animate Skeleton      Necr           N/A          3%          1    None
f - Regeneration          Chrm/Necr      ###.......   21%         3    ##.....


Dungeon Overview and Level Annotations

Branches:
Dungeon (8/27)             Temple (1/1) D:5             Orc (0/4) D:7
   Lair: D:8-13

Altars:
Ashenzari
Cheibriados
Elyvilon
Fedhas
Kikubaaqudgha
Makhleb
Nemelex Xobeh
Sif Muna
Trog
Xom
Yredelemnul
Zin
the Shining One

Shops:
D:4: ?


Message History

Casting: Throw Icicle
Confirm with . or Enter, or press ? or * to list all spells.
Aiming: Throw Icicle
Press: ? - help, Shift-Dir - straight line, f/p - hill giant
Aim: a hill giant, wielding a giant club (heavily wounded)
The shard of ice hits the hill giant.
The hill giant is almost dead.
The hill giant hits you with a giant club!
Ouch! That really hurt!
* * * LOW HITPOINT WARNING * * *
Casting: Throw Icicle
Confirm with . or Enter, or press ? or * to list all spells.
Aiming: Throw Icicle
Press: ? - help, Shift-Dir - straight line, f/p - hill giant
Aim: a hill giant, wielding a giant club (severely wounded)
The shard of ice hits the hill giant.
The hill giant is almost dead.
The hill giant hits you with a giant club!
You die...
Kikubaaqudgha rasps: "You have failed me!
Welcome... death!"

#..# #..# # #..#
## #.. #..##...#.
#.# #o...ooo+..
####.# #o# #.#
#.##.# #o#
#.###..#.# #C#
#.#......# #@#
#.#.#....# #.#
#.#......#
#.#######.#.#.....
#...............##
#########.#.##..##
#.#.##....
####.#.##.###
#....#.##.>..
#.####.##...#


You could see a hill giant and 3 orcs.

Vanquished Creatures
  Eustachio (D:7)
  Menkaure (D:4)
  A wyvern skeleton (D:8)
  A manticore skeleton (D:5)
  2 ice beasts
  A crocodile (D:8)
  2 ogres
  A centaur (D:5)
  A giant frog (D:6)
  A water moccasin (D:7)
  An eye of draining (D:3)
  A jellyfish (D:7)
  3 hounds
  6 crimson imps
  2 goliath beetles
  A hound skeleton (D:4)
  2 iguanas
  3 orc wizards
  2 orc priests (D:3)
  2 scorpions
  6 worker ants
  A worker ant zombie (D:6)
  2 jellies (D:8)
  A mummy (D:8)
  10 adders
  An adder zombie (D:5)
  10 gnolls (D:5)
  5 worms
  A grey rat (D:7)
  2 giant eyeballs
  4 giant geckos
  4 oozes
  14 orcs
  17 bats
  12 goblins
  20 hobgoblins
  11 jackals
  6 quokkas
  A ball python (D:3)
  10 giant cockroaches
  5 giant newts
  A giant spore (D:6)
  15 kobolds
  2 orc skeletons
  A quokka skeleton (D:6)
  18 rats
  A ballistomycete (D:6)
216 creatures vanquished.

Notes
Turn   | Place    | Note
--------------------------------------------------------------
     0 | D:1      | Mnog, the Deep Elf Ice Elementalist, began the quest for the Orb.
     0 | D:1      | Reached XP level 1. HP: 10/10 MP: 4/4
   166 | D:1      | Reached XP level 2. HP: 15/15 MP: 1/6
   640 | D:1      | Reached skill level 4 in Ice Magic
   798 | D:1      | Reached XP level 3. HP: 19/19 MP: 9/9
  1480 | D:2      | Reached XP level 4. HP: 24/24 MP: 11/13
  1911 | D:2      | Learned a level 4 spell: Throw Icicle
  2360 | D:3      | Reached XP level 5. HP: 28/28 MP: 17/17
  2613 | D:3      | Reached skill level 5 in Spellcasting
  2613 | D:3      | Reached skill level 5 in Ice Magic
  3124 | D:3      | Reached XP level 6. HP: 2/32 MP: 14/20
  3354 | D:3      | Reached skill level 6 in Spellcasting
  4182 | D:4      | Noticed Menkaure
  4464 | D:4      | Killed Menkaure
  4597 | D:4      | Reached XP level 7. HP: 25/36 MP: 19/22
  4603 | D:4      | Found Kiunat's Magic Scroll Shop.
  4834 | D:5      | Entered Level 5 of the Dungeon
  4905 | D:5      | Reached skill level 7 in Ice Magic
  5388 | D:5      | Paralysed by a giant eyeball for 4 turns
  5713 | D:5      | Reached skill level 8 in Ice Magic
  6254 | D:5      | Reached XP level 8. HP: 38/41 MP: 24/24
  6327 | D:5      | Found a staircase to the Ecumenical Temple.
  6351 | Temple   | Entered the Ecumenical Temple
  6652 | Temple   | Became a worshipper of Kikubaaqudgha
  6883 | D:5      | Learned a level 4 spell: Condensation Shield
  6887 | D:5      | Learned a level 3 spell: Ozocubu's Armour
  6899 | D:5      | Reached skill level 9 in Ice Magic
  7316 | D:6      | Paralysed by a giant eyeball for 2 turns
  7320 | D:6      | Paralysed by a giant eyeball for 2 turns
  7402 | D:6      | Reached skill level 10 in Ice Magic
  7534 | D:7      | Found a staircase to the Orcish Mines.
  7607 | D:7      | Noticed Eustachio
  7837 | D:7      | Killed Eustachio
  8294 | D:7      | Found a basalt altar of Yredelemnul.
  8510 | D:7      | Reached XP level 9. HP: 45/45 MP: 2/25
  8736 | D:8      | Acquired Kikubaaqudgha's first power
  8736 | D:8      | Received a gift from Kikubaaqudgha
  8737 | D:8      | Got a glistering book {god gift}
  8869 | D:8      | Identified Kikubaaqudgha's Guide on Darkness (Kikubaaqudgha gifted it to you on level 8 of the Dungeon)
  8871 | D:8      | Learned a level 1 spell: Animate Skeleton
  8875 | D:8      | Learned a level 3 spell: Regeneration
  9096 | D:8      | Reached skill level 1 in Necromancy
  9805 | D:8      | Noticed a hill giant
  9814 | D:8      | Slain by a hill giant

Action                   |  1- 3 |  4- 6 |  7- 9 || total
-------------------------+-------+-------+-------++-------
Melee: Unarmed           |     3 |    63 |   211 ||   277
 Cast: Freeze            |    68 |   116 |   186 ||   370
       Throw Icicle      |       |     8 |    61 ||    69
       Condensation Shie |       |       |     9 ||     9
       Ozocubu's Armour  |       |       |     8 ||     8
       Regeneration      |       |       |     1 ||     1
Evoke: Wand              |       |     1 |       ||     1
  Use: Scroll            |       |       |    15 ||    15
       Potion            |       |       |     9 ||     9
